 Dungeon Crawl Stone Soup version 0.31-a0-182-gc5ef74bbde (webtiles) character file.

Game seed: 3619338625752401749

5132 ragingrage the Severer (level 10, -5/84 HPs)
             Began as a Naga Monk on June 21, 2023.
             Was a High Priest of Ignis.
             Slain by an unseen horror simulacrum (19 damage)
             ... on level 9 of the Dungeon.
             The game lasted 00:15:44 (9499 turns).

ragingrage the Severer (Naga Monk)                  Turns: 9499, Time: 00:15:45

Health: -5/84      AC: 15    Str: 18    XL:     10   Next: 58%
Magic:  10/10      EV: 10    Int: 16    God:    Ignis [*****.]
Gold:   430        SH:  0    Dex: 14    Spells: 9/9 levels left

rFire   + . .        b - +1 morningstar (protect)
rCold   . . .        d - orb {light}
rNeg    . . .        N - +0 steam dragon scales
rPois   +            L - +0 helmet
rElec   .            P - +1 cloak {Stlth+}
rCorr   .            (no gloves)
SInv    +            (no barding)
Will    ++...        O - amulet of regeneration
Stlth   +            q - ring of willpower
HPRegen 1.14/turn    M - +6 ring of intelligence
MPRegen 0.12/turn

%: no passive effects
@: under a protective aura, glowing, very slow
A: AC +3, large, see invisible, deformed body, poison resistance, slowness 2,
spit poison 1, naga tail 1
a: Spit Poison, Renounce Religion, Fiery Armour, Foxfire Swarm, Rising Flame


You were on level 9 of the Dungeon.
You worshipped Ignis.
Ignis was extremely pleased with you.
You visited 1 branch of the dungeon, and saw 9 of its levels.
You also visited: Sewer.

You collected 430 gold pieces.

Inventory:

Hand Weapons
 a - a +0 war axe
 b - a +1 morningstar of protection (weapon)
Missiles
 e - a curare-tipped dart
 i - 21 poisoned darts
 n - 4 javelins
 E - 2 boomerangs
Armour
 d - an orb of light (worn)
 L - a +0 helmet (worn)
 N - +0 steam dragon scales (worn)
 P - a +1 cloak of stealth (worn)
Magical Staves
 F - a staff of air
Jewellery
 q - a ring of willpower (left hand)
 M - a +6 ring of intelligence (right hand)
 O - an amulet of regeneration (around neck)
Wands
 p - a wand of mindburst (21)
 t - a wand of roots (12)
 D - a wand of charming (11)
 H - a wand of acid (8)
 I - a wand of flame (41)
Scrolls
 f - a scroll of enchant armour
 g - 3 scrolls of fog
 l - a scroll of vulnerability {unknown}
 o - 3 scrolls of amnesia
 s - a scroll of enchant weapon {unknown}
 v - a scroll of silence {unknown}
 w - a scroll of noise {unknown}
 x - 2 scrolls of revelation
 y - 2 scrolls of teleportation
 z - 2 scrolls of immolation {unknown}
 A - 2 scrolls of summoning
 C - a scroll of acquirement {unknown}
 G - 3 scrolls of identify
Potions
 c - a potion of ambrosia
 h - 4 potions of might
 j - 3 potions of magic {unknown}
 k - 2 potions of heal wounds {unknown}
 u - 3 potions of resistance {unknown}
 B - 5 potions of degeneration {unknown}
 J - a potion of enlightenment {unknown}


   Skills:
 - Level 3.0 Fighting
 + Level 15.3 Axes
 - Level 2.4 Dodging
 + Level 0.6 Evocations


You had 9 spell levels left.
You didn't know any spells.
Your spell library contained the following spells:

 Spells                   Type           Power      Damage    Failure   Level
 Sandblast                Erth           0%         2d4       26%         1
 Slow                     Hex            0%         N/A       26%         1
 Blink                    Tloc           0%         N/A       36%         2
 Lesser Beckoning         Tloc           0%         N/A       36%         2
 Momentum Strike          Conj/Tloc      0%         3d8       36%         2
 Passwall                 Tmut/Erth      0%         N/A       36%         2
 Static Discharge         Conj/Air       0%         2-2/arc   36%         2
 Sublimation of Blood     Necr           0%         N/A       36%         2
 Wereblood                Tmut           0%         N/A       36%         2
 Confusing Touch          Hex            0%         N/A       58%         3
 Ignite Poison            Fire/Tmut/Pois 0%         N/A       58%         3
 Inner Flame              Hex/Fire       0%         N/A       58%         3
 Stone Arrow              Conj/Erth      0%         3d7       58%         3
 Vampiric Draining        Necr           0%         2d6       58%         3
 Airstrike                Air            0%         2d(0-16)  94%         4
 Flame Wave               Conj/Fire      0%         2d4       94%         4
 Sticky Flame             Conj/Fire      0%         2d3       94%         4
 Summon Lightning Spire   Summ/Air       0%         N/A       94%         4
 Summon Hydra             Summ           0%         N/A       100%        7
 Ignition                 Fire           0%         3d3       100%        8


Dungeon Overview and Level Annotations

Branches:
Dungeon (9/15)             Temple (0/1) D:5           Sewer (visited)
   Lair: D:8-11         Orc: D:9-12

Altars:
Ashenzari
Ru
Yredelemnul
Ignis

Annotations:
D:3 3 runed translucent doors, LobsterGuardian's ghost, amateur GnDe


Innate Abilities, Weirdness & Mutations

Your serpentine skin is tough. (AC +3)
You have supernaturally acute eyesight. (SInv)
Armour fits poorly on your strangely shaped body.
Your system is resistant to poisons. (rPois)
You cover ground very slowly.
You can spit poison.
You have a snake-like lower body.


Message History

You throw a poisoned dart.
The poisoned dart hits the two-headed ogre.
The two-headed ogre looks even sicker.
Throw: 23 darts (poison)
Press: ? - help, Shift-Dir - straight line, f/p - two-headed ogre
Aim: a two-headed ogre, wielding a +0 giant spiked club and a +0 giant club (lightly wounded, very poisoned, 74% to hit)
You throw a poisoned dart.
The poisoned dart hits the two-headed ogre.
Aiming: Spit Poison (1% risk of failure)
Press: ? - help, Shift-Dir - straight line, f/p - two-headed ogre
Aim: a two-headed ogre, wielding a +0 giant spiked club and a +0 giant club (lightly wounded, very poisoned, haloed, 89% to hit)
The splash of poison hits the two-headed ogre!
The two-headed ogre looks even sicker.
Throw: 22 darts (poison)
Press: ? - help, Shift-Dir - straight line, f/p - two-headed ogre
Aim: a two-headed ogre, wielding a +0 giant spiked club and a +0 giant club (moderately wounded, very poisoned, haloed, 93% to hit)
You throw a poisoned dart.
The poisoned dart hits the two-headed ogre.
You hit the two-headed ogre.
Your weapon exudes an aura of protection.
The two-headed ogre hits you with a +0 giant spiked club!!
The two-headed ogre hits you with a +0 giant club!!
You hit the two-headed ogre.
An unseen horror simulacrum comes into view.
The two-headed ogre hits you with a +0 giant spiked club!!
* * * LOW HITPOINT WARNING * * *
The two-headed ogre barely misses you.
You sock the two-headed ogre!
You have got your breath back.
You puncture the two-headed ogre!
The two-headed ogre hits you but does no damage.
The two-headed ogre hits you with a +0 giant club.
* * * LOW HITPOINT WARNING * * *
The unseen horror simulacrum hits you but does no damage.
You feel better.
The unseen horror simulacrum hits you but does no damage.
The unseen horror simulacrum hits you.
* * * LOW HITPOINT WARNING * * *
The unseen horror simulacrum freezes you!!
You die...

#(.....# #.(....+
###..(...#
.....(...#
.........#
.......(.#####
.......O.....#
#..@.....#
#...Z....##
#.........#
#....(....#
#####.........#
......).......#
#......)......#...
#.............#....
#..................


You could see a two-headed ogre (very poisoned) and an unseen horror simulacrum.

Vanquished Creatures
  A two-headed ogre (D:9)
  Pikel (D:6)
  Maurice (D:9)
  Maggie (D:8)
  Eustachio (D:6)
  Menkaure (D:7)
  A water moccasin (D:7)
  3 sky beasts
  3 ice beasts
  3 orc warriors
  5 centaurs
  An ogre (D:7)
  A lemure (D:6)
  A phantom (D:6)
  4 kobold brigands (Sewer)
  Blork the orc (D:6)
  A scorpion (D:7)
  A bullfrog (D:7)
  6 wights (D:9)
  9 killer bees
  2 hounds
  4 orc priests
  2 iguanas
  An orc wizard (D:4)
  A sleepcap (D:5)
  2 river rats
  12 adders
  A white imp (D:9)
  A howler monkey simulacrum (D:9)
  2 ufetubi
  14 worms
  3 dart slugs
  23 orcs
  10 ball pythons
  9 endoplasms
  A giant cockroach (D:3)
  6 hobgoblins
  5 quokkas
  6 bats
  A frilled lizard (D:1)
  4 goblins
  15 kobolds
  12 rats
183 creatures vanquished.

Vanquished Creatures (others)
  19 foxfires (D:5)
19 creatures vanquished.

Grand Total: 202 creatures vanquished

Notes
Turn   | Place    | Note
-------+----------+-------------------------------------------
     0 | D:1      | ragingrage the Naga Monk began the quest for the Orb.
     0 | D:1      | Reached XP level 1. HP: 21/21 MP: 1/1
   108 | D:1      | Reached XP level 2. HP: 28/28 MP: 2/2
   552 | D:1      | Reached skill level 4 in Axes
   606 | D:1      | Reached XP level 3. HP: 34/34 MP: 3/3
  1185 | D:2      | Reached XP level 4. HP: 42/42 MP: 4/4
  1824 | D:3      | Reached skill level 5 in Axes
  1828 | D:3      | Found a runed translucent gate.
  1828 | D:3      | Found a runed translucent gate.
  1828 | D:3      | Found a runed translucent gate.
  1843 | D:3      | Noticed LobsterGuardian's ghost (amateur GnDe)
  2076 | D:3      | Found a faded altar of an unknown god.
  2447 | D:3      | Prayed at the altar of an unknown god.
  2447 | D:3      | Became a worshipper of Ignis, the Dying Flame
  2447 | D:3      | Reached ****** piety under Ignis
  2493 | D:4      | Noticed a sky beast
  2662 | D:4      | Reached XP level 5. HP: 23/49 MP: 5/5
  3040 | D:4      | Reached skill level 6 in Axes
  3588 | D:5      | Entered Level 5 of the Dungeon
  3886 | D:5      | Found a staircase to the Ecumenical Temple.
  3940 | D:5      | Reached XP level 6. HP: 22/56 MP: 6/6
  3963 | D:5      | Found a glowing drain.
  4062 | Sewer    | Entered a sewer
  4256 | Sewer    | Reached skill level 7 in Axes
  4615 | Sewer    | Reached XP level 7. HP: 62/62 MP: 7/7
  4650 | Sewer    | Reached skill level 8 in Axes
  5468 | D:5      | Reached skill level 9 in Axes
  5861 | D:6      | Reached XP level 8. HP: 62/69 MP: 8/8
  6125 | D:6      | Found a basalt altar of Yredelemnul.
  6226 | D:6      | Noticed Pikel
  6232 | D:6      | Reached skill level 10 in Axes
  6232 | D:6      | Killed Pikel
  6233 | D:6      | Reached skill level 11 in Axes
  6365 | D:6      | Noticed Eustachio
  6408 | D:6      | Killed Eustachio
  6409 | D:6      | Reached XP level 9. HP: 65/75 MP: 9/9
  6499 | D:6      | Noticed Blork the orc
  6514 | D:6      | Killed Blork the orc
  6716 | D:7      | Reached skill level 12 in Axes
  7202 | D:7      | Noticed Menkaure
  7776 | D:8      | Reached skill level 13 in Axes
  8261 | D:8      | Found a sacrificial altar of Ru.
  8261 | D:8      | Found a broken altar of Ashenzari.
  8261 | D:8      | Noticed Maggie
  8272 | D:8      | Killed Maggie
  8734 | D:7      | Killed Menkaure
  8735 | D:7      | Reached XP level 10. HP: 79/84 MP: 10/10
  8814 | D:7      | Reached skill level 14 in Axes
  9053 | D:7      | Found the +7 staff of the Meek {protect, meekguard}
  9324 | D:9      | Noticed a two-headed ogre
  9333 | D:9      | Killed a two-headed ogre
  9334 | D:9      | Reached skill level 15 in Axes
  9364 | D:9      | Noticed Maurice
  9381 | D:9      | Killed Maurice
  9479 | D:9      | Identified the +8 orcbow of the Stopping Puffin {flame,
                  | rElec rF- rN+ Will+}
  9488 | D:9      | Noticed a two-headed ogre
  9499 | D:9      | Slain by an unseen horror simulacrum

Illustrated notes

Levels and vault maps discovered:
D:1:      dpeg_arrival_simpleton_a, layout_basic
D:2:      layout_loops_cross, minmay_domino_2
D:3:      layout_loops_corners, gammafunk_ghost_necromancy,
          shapermc_ecumenical_altar_hornbeckon, kennysheep_flooded_box
D:4:      layout_loops_ring, nicolae_wormholes
D:5:      layout_basic, minmay_temple_entry_statues_fountains,
          lightli_sewer_entry_pipes
D:6:      layout_basic, yredelemnul_altar_generic, uniq_eustachio,
          uniq_blork_the_orc, uniq_pikel
D:7:      layout_cave_pods, pf_guarded_unrand_meek, uniq_menkaure
D:8:      layout_loops_ring, amethyst_overflow_temple_binary, serial_glass,
          glass_columns_a, glass_columns_a, palyth_stone_intersect,
          nicolae_kite_square_tiling_tiny, uniq_maggie
D:9:      layout_irregular_city, erik_lair_orcish_takeover, serial_ice,
          serial_ice_f, serial_ice_o, serial_ice_e, serial_ice_a, uniq_maurice,
          uniq_joseph

Skill      XL: |  1  2  3  4  5  6  7  8  9 10 |
---------------+-------------------------------+-----
Axes           | 4 5 6 7 9 11 13 15 | 15.3
Fighting       | |  3.0
Dodging        | |  2.4
Evocations     | |  0.6

Action                     |  1- 3 |  4- 6 |  7- 9 | 10-12 || total
---------------------------+-------+-------+-------+-------++-------
  Melee: Hand axe          |    90 |   198 |    66 |       ||   354
         War axe           |       |       |   103 |       ||   103
         Morningstar       |       |       |    55 |    78 ||   133
  Throw: Javelin           |       |       |     3 |       ||     3
         Dart              |       |       |    13 |    12 ||    25
 Invoke: Foxfire Swarm     |       |       |     1 |       ||     1
Ability: Spit Poison       |    12 |    34 |    17 |     7 ||    70
  Evoke: Wand              |       |       |     8 |     6 ||    14
    Use: Scroll            |       |     7 |     2 |       ||     9
         Potion            |       |     1 |     2 |     1 ||     4
 Armour: Robe              |    26 |    37 |    73 |       ||   136
         Steam dragon scal |       |       |     5 |    38 ||    43
  Dodge: Dodged            |    47 |    93 |   129 |    39 ||   308

Table legend: (Time is in decaauts)
 A = Elapsed time spent in this place.
 B = Non-inter-level travel time spent in this place.
 C = Inter-level travel time spent in this place.
 D = Time resting spent in this place.
 E = Time spent auto-exploring this place.
 F = Levels seen in this place.
 G = Mean time per level.
                   A        B        C        D        E       F      G
               +--------+--------+--------+--------+--------+-----+--------+
         Total |  11606 |  10829 |    777 |   2567 |   6270 |  10 | 1160.6 |
       Dungeon |  10474 |   9697 |    777 |   2281 |   5740 |   9 | 1163.8 |
         Sewer |   1132 |   1132 |      0 |    286 |    529 |   1 | 1132.0 |
               +--------+--------+--------+--------+--------+-----+--------+

Top non-repeatable levels by time:
     D:8: 1538 daAuts
     D:7: 1492 daAuts
     D:3: 1429 daAuts
     D:5: 1389 daAuts
     D:4: 1197 daAuts
   Sewer: 1132 daAuts
     D:6: 1084 daAuts
     D:1: 1047 daAuts
     D:2: 929 daAuts
     D:9: 366 daAuts
